 Dungeon Crawl Stone Soup version 0.23.0-3-gf3c87f2 (webtiles) character file.

Game seed: 16661103095979535140

1009 MalarOregon the Ducker (level 8, -6/61 HPs)
             Began as a Merfolk Summoner on Feb 25, 2019.
             Was an Initiate of Gozag.
             Mangled by a cyan ugly thing (15 damage)
             ... on level 6 of the Dungeon.
             The game lasted 00:26:15 (9046 turns).

MalarOregon the Ducker (Merfolk Summoner)           Turns: 9046, Time: 00:26:15

Health: -6/61      AC:  3    Str:  9    XL:     8   Next: 21%
Magic:  2/14       EV: 16    Int: 16    God:    Gozag
Gold:   52         SH:  0    Dex: 14    Spells: 6/16 levels left

rFire    . . .     SeeInvis .   r - +0 trident
rCold    . . .     Gourm    .   (no shield)
rNeg     . . .     Faith    .   a - +0 robe
rPois    .         Spirit   .   q - +0 helmet
rElec    .         Reflect  .   (no cloak)
rCorr    .         Harm     .   (no gloves)
MR       .....                  (no boots)
Stlth    +++.......             (no amulet)
HPRegen  0.20/turn              f - ring of stealth
MPRegen  0.14/turn              (no ring)

@: no status effects
A: change form in water, swift swim, stealthy swim
a: Potion Petition, Call Merchant, Bribe Branch, Renounce Religion


You were on level 6 of the Dungeon.
You worshipped Gozag.
Gozag was noncommittal.
You were hungry.

You visited 2 branches of the dungeon, and saw 7 of its levels.

You collected 224 gold pieces.
You spent 110 gold pieces at shops.
You paid 62 gold pieces to Gozag.

Inventory:

Hand Weapons
 j - a +0 blowgun
   (You took it off a kobold on level 3 of the Dungeon)
 r - a +0 trident (weapon)
   (You took it off an orc on level 4 of the Dungeon)
Missiles
 g - 8 curare-tipped needles {!f}
 n - 2 throwing nets (quivered) {!f}
Armour
 a - a +0 robe (worn)
 q - a +0 helmet (worn)
   (You took it off Robin on level 4 of the Dungeon)
Jewellery
 f - a ring of stealth (left hand)
   (You found it on level 1 of the Dungeon)
 i - a cursed amulet of inaccuracy {unknown}
   (You found it on level 2 of the Dungeon)
Wands
 t - a wand of flame (12)
   (You took it off Ijyb on level 4 of the Dungeon)
Scrolls
 b - a scroll of enchant armour {unknown}
 h - 9 scrolls of identify {unknown}
 k - a scroll of fear {unknown}
 m - a scroll of immolation {unknown}
 s - a scroll of noise {unknown}
 u - a scroll of magic mapping {unknown}
 v - a scroll of remove curse {unknown}
 w - 2 scrolls of blinking {unknown}
 x - a scroll of teleportation {unknown}
 y - a scroll of fog {unknown}
 A - a scroll of enchant weapon {unknown}
Potions
 c - 3 potions of brilliance
 d - 3 potions of flight {unknown}
 l - a potion of curing {@q1}
 o - a potion of lignification {unknown}
 p - a potion of degeneration {unknown}
Comestibles
 e - 12 rations {!d}


   Skills:
 + Level 4.7 Fighting
 + Level 6.5 Dodging
 - Level 2.1 Stealth
 + Level 4.6 Spellcasting
 + Level 6.1 Summonings


You had 6 spell levels left.
You knew the following spells:

 Your Spells              Type           Power        Failure   Level  Hunger
a - Summon Small Mammal   Summ           ###.         1%          1    None
c - Call Canine Familiar  Summ           ###.....     3%          3    ###....
d - Summon Ice Beast      Ice/Summ       ##......     41%         4    ####...
x - Call Imp              Summ           ###.....     1%          2    ##.....

Your spell library contained the following spells:

 Spells                   Type           Power        Failure   Level  Hunger
 Summon Guardian Golem    Hex/Summ       ##......     14%         3    ###....
 Animate Skeleton         Necr           N/A          16%         1    None
 Freeze                   Ice            #...         16%         1    None
 Pain                     Necr           #...         16%         1    None
 Throw Frost              Conj/Ice       #.....       24%         2    ##.....
 Summon Lightning Spire   Summ/Air       ##......     41%         4    ####...
 Ozocubu's Armour         Chrm/Ice       #.......     43%         3    ###....
 Regeneration             Chrm/Necr      #.........   43%         3    ###....
 Vampiric Draining        Necr           #.........   43%         3    ###....
 Animate Dead             Necr           N/A          85%         4    ####...
 Throw Icicle             Conj/Ice       #.......     85%         4    ####...


Dungeon Overview and Level Annotations

Branches:
Dungeon (6/15)             Temple (1/1) D:6

Altars:
Ashenzari
Cheibriados
Dithmenos
Elyvilon
Fedhas
Gozag
Hepliaklqana
Kikubaaqudgha
Makhleb
Nemelex Xobeh
Okawaru
Qazlal
Ru
Sif Muna
Trog
Uskayaw
Vehumet
Wu Jian
Xom
Yredelemnul
Zin
The Shining One

Shops:
D:5 [![**


Message History

The cyan ugly thing barely misses you.
A shadowy apparition takes form in the air.
The cyan ugly thing barely misses you.
Your crimson imp misses the cyan ugly thing.
You swap places.
The cyan ugly thing tail-slaps your shadow imp!
Your shadow imp dies!
A beastly little devil appears in a puff of frigid air.
Your white imp says, "You called?"
The cyan ugly thing tail-slaps your white imp!
Your white imp dies!
Unknown command.
A beastly little devil appears in a puff of flame.
You swap places.
The cyan ugly thing barely misses your crimson imp.
Your crimson imp hits the cyan ugly thing.
Attack whom?
Aim: a cyan ugly thing (lightly wounded)
You could not reach far enough!
The cyan ugly thing barely misses your crimson imp.
Your crimson imp hits the cyan ugly thing but does no damage.
Your crimson imp hits the cyan ugly thing.
The cyan ugly thing tail-slaps your crimson imp!
The cyan ugly thing shocks your crimson imp!
Your crimson imp dies!
A beastly little devil appears in a puff of flame.
Your crimson imp blinks!
You swap places.
The cyan ugly thing barely misses your crimson imp.
Your crimson imp hits the cyan ugly thing but does no damage.
Attack whom?
Aim: a cyan ugly thing (lightly wounded)
You could not reach far enough!
The cyan ugly thing tail-slaps your crimson imp.
The cyan ugly thing shocks your crimson imp!
Your crimson imp dies!
Your white imp hits the cyan ugly thing.
Your white imp freezes the cyan ugly thing.
A shadowy apparition takes form in the air.
The cyan ugly thing tail-slaps you. The cyan ugly thing shocks you!
* * * LOW HITPOINT WARNING * * *
Your shadow imp hits the cyan ugly thing.
The puff of frost hits the cyan ugly thing.
Your shadow imp hits the cyan ugly thing but does no damage.
Your crimson imp blinks!
The cyan ugly thing tail-slaps you!
* * * LOW HITPOINT WARNING * * *
The cyan ugly thing shocks you!
You die...
Your body crumbles into a pile of gold.

#.#####.#
##.###...>.......#...
#.......#
#..#..........####.#
#######.#
###.#####>###......# #.#
#..5....# ########
#.############.# #
#............#.# #
#..####.####.#.# ###
#..####.####.#.###### #..
#..##.r.@u5.5.......###.#
#..<..#.####.###.##.##..#
##.####.# #.###.##.##.##
#.. ... ...#.........#
### #### ###............
#.#..⌠...⌠..#
#[#.........#
#......>.....
#.#.........#


You could see a cyan ugly thing, a friendly white imp, a friendly shadow imp and
a friendly quokka.

Vanquished Creatures
  An ogre (D:5)
  2 orc wizards
  A bullfrog skeleton (D:5)
  Ijyb (D:4)
  A centaur skeleton (D:6)
  A worker ant (D:6)
  3 adders
  An ooze (D:3)
  An adder zombie (D:5)
  An adder skeleton (D:4)
  A worm (D:3)
  A dart slug (D:3)
  6 leopard geckos
  4 orcs
  2 giant cockroaches
  6 goblins
  7 hobgoblins
  2 jackals
  2 kobolds (D:3)
  3 quokkas
  2 ball pythons
  2 bats (D:1)
  3 frilled lizards
  A giant cockroach zombie (D:5)
  8 rats
63 creatures vanquished.

Vanquished Creatures (collateral kills)
  Menkaure (D:5)
  A phantom (D:5)
  2 sky beasts (D:5)
  2 ice beasts
  A bullfrog (D:6)
  A crimson imp (D:6)
  An orc priest (D:5)
  A hound (D:5)
  5 orc wizards
  A centaur skeleton (D:6)
  An iguana (D:5)
  4 worker ants
  A hound skeleton (D:6)
  Robin (D:4)
  4 gnolls
  3 adders
  A worm (D:2)
  A dart slug (D:1)
  A leopard gecko (D:1)
  23 orcs
  A giant cockroach (D:6)
  5 goblins
  10 hobgoblins
  6 jackals
  A ball python (D:3)
  4 bats
  4 frilled lizards
  A giant cockroach zombie (D:5)
  4 kobolds
  A rat (D:1)
93 creatures vanquished.

Vanquished Creatures (others)
  A leopard gecko (D:3)
1 creature vanquished.

Grand Total: 157 creatures vanquished

Notes
Turn   | Place    | Note
-------+----------+-------------------------------------------
     0 | D:1      | MalarOregon the Merfolk Summoner began the quest for the
                  | Orb.
     0 | D:1      | Reached XP level 1. HP: 13/13 MP: 3/3
   360 | D:1      | Reached XP level 2. HP: 18/20 MP: 5/5
   540 | D:1      | Reached skill level 1 in Fighting
   607 | D:1      | Learned a level 2 spell: Call Imp
   652 | D:1      | Reached XP level 3. HP: 12/26 MP: 1/6
  1397 | D:2      | Found a shattered altar of Ashenzari.
  2486 | D:2      | Reached XP level 4. HP: 28/32 MP: 0/7
  2708 | D:3      | HP: 1/33 [poisoned by kobold (curare-tipped needle)]
  3553 | D:3      | Reached XP level 5. HP: 18/38 MP: 3/9
  5254 | D:4      | Noticed Robin
  5453 | D:4      | Reached XP level 6. HP: 42/46 MP: 10/10
  5474 | D:4      | Killed Robin
  5578 | D:3      | Reached skill level 5 in Summonings
  5725 | D:5      | Entered Level 5 of the Dungeon
  5887 | D:5      | Reached skill level 5 in Dodging
  5905 | D:5      | Noticed Ijyb
  5906 | D:5      | Noticed a sky beast
  5943 | D:5      | Killed a sky beast
  5948 | D:4      | Killed Ijyb
  6250 | D:5      | Found Wighaemp's Antique Armour Shoppe.
  6252 | D:5      | Found Xoocikh's Distillery.
  6262 | D:5      | Noticed a phantom
  6317 | D:5      | Killed a phantom
  6317 | D:5      | Reached XP level 7. HP: 52/52 MP: 7/12
  6436 | D:5      | Noticed Menkaure
  6682 | D:5      | Learned a level 3 spell: Call Canine Familiar
  6687 | D:5      | Learned a level 4 spell: Summon Ice Beast
  6716 | D:5      | Found Guurgh's Assorted Antiques.
  6913 | D:5      | Bought 2 pink potions for 52 gold pieces
  6913 | D:5      | Bought a scroll labeled XOSYUCLUSA for 29 gold pieces
  6913 | D:5      | Bought a scroll labeled XOSYUCLUSA for 29 gold pieces
  6937 | D:5      | Found Voguhaz's Assorted Antiques.
  6974 | D:5      | Found Xext's Armour Shop.
  7020 | D:5      | Killed Menkaure
  7991 | D:5      | Reached XP level 8. HP: 8/61 MP: 8/14
  8470 | D:6      | Noticed a cyan ugly thing
  8690 | D:6      | Found a staircase to the Ecumenical Temple.
  8698 | Temple   | Entered the Ecumenical Temple
  8871 | Temple   | Became a worshipper of Gozag Ym Sagoz the Greedy
  9046 | D:6      | Mangled by a cyan ugly thing

Skill      XL: |  1  2  3  4  5  6  7 |
---------------+----------------------+-----
Dodging        | 3 4 5 6 |  6.5
Fighting       | 1 2 3 4 |  4.7
Spellcasting   | 3 4 |  4.6
Summonings     | 5 6 |  6.1
Stealth        | |  2.1

Action                   |  1- 3 |  4- 6 |  7- 9 || total
-------------------------+-------+-------+-------++-------
Melee: Unarmed           |    16 |       |       ||    16
       Dagger            |    93 |   123 |       ||   216
       Trident           |       |    74 |    90 ||   164
 Cast: Summon Small Mamm |    22 |     1 |    19 ||    42
       Call Imp          |    21 |    67 |    42 ||   130
       Call Canine Famil |       |       |    14 ||    14
Evoke: Wand              |       |       |     5 ||     5
  Use: Potion            |       |     2 |       ||     2
 Stab: Sleeping          |     6 |     9 |     7 ||    22
       Distracted        |       |     5 |     1 ||     6
  Eat: Chunk             |     6 |    16 |     4 ||    26
       Ration            |       |       |     2 ||     2
Armor: Robe              |    27 |    26 |    18 ||    71
Dodge: Dodged            |   113 |   162 |    73 ||   348
